 Dungeon Crawl Stone Soup version 0.31-a0-1597-ge7908ec95f (webtiles) character file.

Game seed: 16697660496295040031

221 James the Cutter (level 6, -4/37 HPs)
             Began as a Kobold Gladiator on Jan 7, 2024.
             Shot with an arrow by a centaur (8 damage)
             ... on level 5 of the Dungeon.
             The game lasted 00:12:00 (4854 turns).

James the Cutter (Kobold Gladiator)                 Turns: 4854, Time: 00:12:01

Health: -4/37      AC:  8    Str: 11    XL:     6   Next: 18%
Magic:  15/15      EV: 15    Int:  9    God:
Gold:   135        SH:  0    Dex: 19    Spells: 5/5 levels left

rFire   + . .        a - +0 rapier
rCold   . . .        (no shield)
rNeg    . . .        v - +0 ring mail {rF+}
rPois   .            c - +1 helmet
rElec   .            (no cloak)
rCorr   .            E - +0 pair of gloves
SInv    .            (no boots)
Will    .....        (no amulet)
Stlth   +++          o - ring of magical power
HPRegen 0.26/turn    (no ring)
MPRegen 0.14/turn

%: no passive effects
@: no status effects
A: small, no large weapons, nightstalker 3
a: no special abilities


You were on level 5 of the Dungeon.
You visited 1 branch of the dungeon, and saw 5 of its levels.

You collected 210 gold pieces.
You spent 75 gold pieces at shops.

Inventory:

Hand Weapons
 a - a +0 rapier (weapon)
 g - a +0 dagger
   (You took it off a kobold on level 1 of the Dungeon)
 s - a +2 whip of electrocution
   (You took it off a kobold on level 2 of the Dungeon)
Missiles
 d - 2 throwing nets (quivered) {!f}
 e - 6 boomerangs
 j - 36 stones
Armour
 b - a +0 leather armour
 c - a +1 helmet (worn)
 f - a +0 robe
   (You found it on level 1 of the Dungeon)
 l - a +0 leather armour
   (You found it on level 1 of the Dungeon)
 q - a +0 ring mail
   (You found it on level 2 of the Dungeon)
 u - a scarf of harm
   (You found it on level 2 of the Dungeon)
 v - a +0 ring mail of fire resistance (worn)
   (You found it on level 2 of the Dungeon)
 x - a +0 robe
   (You found it on level 3 of the Dungeon)
 y - a +0 leather armour
   (You took it off an orc on level 3 of the Dungeon)
 z - a +0 leather armour
   (You took it off an orc on level 3 of the Dungeon)
 B - a +0 scale mail
   (You found it on level 3 of the Dungeon)
 D - a +0 ring mail
   (You took it off an orc on level 4 of the Dungeon)
 E - a +0 pair of gloves (worn)
   (You found it on level 4 of the Dungeon)
Jewellery
 o - a ring of magical power (left hand)
   (You found it on level 4 of the Dungeon)
Scrolls
 k - 4 scrolls of teleportation {@r4}
 t - a scroll of fear
 C - a scroll of blinking
Potions
 h - a potion of magic {unknown}
 i - a potion of lignification {unknown}
 m - a potion of mutation {unknown}
 n - 2 potions of heal wounds {unknown}
 p - 2 potions of degeneration {unknown}
 r - 2 potions of enlightenment
 w - a potion of brilliance {unknown}
 A - a potion of might {unknown}


   Skills:
 + Level 3.3 Fighting
 * Level 6.3 Short Blades
 - Level 2.1 Throwing
 + Level 0.1 Armour
 + Level 4.7 Dodging
 + Level 3.1 Stealth


You had 5 spell levels left.
You didn't know any spells.
Your spell library contained the following spells:

 Spells                   Type           Power      Damage    Failure   Level
 Lesser Beckoning         Tloc           0%         N/A       83%         2
 Gell's Gravitas          Tloc           0%         N/A       96%         3
 Teleport Other           Tloc           0%         N/A       96%         3


Dungeon Overview and Level Annotations

Branches:
Dungeon (5/15)
 Temple: D:4-7

Altars:
Ashenzari
Makhleb
Wu Jian
Zin

Shops:
D:3 ?=[

Annotations:
D:4 Pikel


Innate Abilities, Weirdness & Mutations

You are small and have problems with some larger weapons.
You are completely attuned to the shadows.


Message History

Unknown command.
Found 5 stones.
j - 36 stones (gained 5)
You see here a +0 helmet.
Found a stone staircase leading down.
Found a grey potion.
p - 2 grey potions (gained 1)
The ogre shouts!
You see here a +0 dagger.
There is a stone staircase leading up here.
You climb upwards.
There is a stone staircase leading down here.
There is a stone staircase leading down here.
You climb downwards.
Level annotation: Pikel
There is a stone staircase leading up here.
There is a stone staircase leading down here.
You climb downwards.
There is a stone staircase leading up here.
Okay, then.
A shadow imp comes into view.
The shadow imp shouts!
You hear an angry growl.
You hear a shout!
The shadow imp hits you but does no damage.
You hit the shadow imp. You hit the shadow imp.
The shadow imp barely misses you.
You barely miss the shadow imp. The shadow imp closely misses you.
A centaur comes into view.
You hit the shadow imp.
The centaur wields a +0 shortbow.
The centaur shoots an arrow.
The arrow hits you. The shadow imp gestures at you.
Pain shoots through your body!
You hit the shadow imp.
The centaur shoots an arrow.
The arrow hits you.
* * * LOW HITPOINT WARNING * * *
The shadow imp closely misses you.
A black bear comes into view.
The black bear growls angrily.
You closely miss the shadow imp.
You hear a shout! x3
The centaur shoots an arrow.
The arrow hits you.
* * * LOW HITPOINT WARNING * * *
The shadow imp hits you but does no damage.
The centaur shoots an arrow.
The arrow hits you.
* * * LOW HITPOINT WARNING * * *
You hit the shadow imp but do no damage.
The centaur shoots an arrow.
The arrow barely misses you. The shadow imp gestures at you.
Pain shoots through your body!
* * * LOW HITPOINT WARNING * * *
The centaur shoots an arrow.
The arrow hits you!
You die...

#.# .... ##.#
#....# ##..#
.....####..##
##.....#....##
#.. #....####
###.###..###
#...#........
#h5.@.#..####
.....####..#
##c### #....
#. #.##. #


You could see a black bear, a centaur and a shadow imp.

Vanquished Creatures
  A lemure (D:3)
  An iguana (D:4)
  Natasha (thrice) (D:2)
  3 adders
  2 dart slugs (D:1)
  2 ribbon worms (D:2)
  9 orcs
  2 bats (D:3)
  5 endoplasms
  4 giant cockroaches
  6 hobgoblins
  5 jackals
  3 quokkas
  8 ball pythons
  4 frilled lizards
  8 goblins
  7 kobolds
  7 rats
80 creatures vanquished.

Notes
Turn   | Place    | Note
-------+----------+-------------------------------------------
     0 | D:1      | James the Kobold Gladiator began the quest for the Orb.
     0 | D:1      | Reached XP level 1. HP: 12/12 MP: 1/1
   179 | D:1      | Found a faded altar of an unknown god.
   406 | D:1      | Reached XP level 2. HP: 17/17 MP: 2/2
   623 | D:1      | Reached skill level 1 in Stealth
   623 | D:1      | Reached XP level 3. HP: 22/22 MP: 3/3
   912 | D:1      | Reached skill level 5 in Short Blades
  1642 | D:2      | Noticed Natasha
  1653 | D:2      | HP: 1/22 [Natasha/magic dart (9)]
  1655 | D:2      | Killed Natasha
  1656 | D:2      | Reached XP level 4. HP: 2/27 MP: 4/4
  1881 | D:2      | Noticed Natasha
  1893 | D:2      | Killed Natasha
  1894 | D:2      | Reached XP level 5. HP: 29/32 MP: 5/5
  2172 | D:2      | Found a burning altar of Makhleb.
  2409 | D:2      | Noticed Natasha
  2424 | D:2      | Killed Natasha
  2511 | D:3      | Found Godinemu's Armour Emporium.
  2593 | D:3      | Found a broken altar of Ashenzari.
  2787 | D:3      | Reached skill level 6 in Short Blades
  2789 | D:3      | Found a glowing silver altar of Zin.
  3051 | D:3      | Found Gygynumm's Jewellery Shoppe.
  3290 | D:3      | Found Loehid's Magic Scroll Shop.
  3490 | D:3      | Bought a scroll of blinking for 75 gold pieces
  3670 | D:4      | Noticed an ogre
  3673 | D:4      | Reached XP level 6. HP: 37/37 MP: 6/6
  3785 | D:4      | Noticed Pikel
  4270 | D:4      | Found an ornate altar of the Wu Jian Council.
  4830 | D:5      | Entered Level 5 of the Dungeon
  4850 | D:5      | Noticed a black bear
  4854 | D:5      | Shot with an arrow by a centaur

Illustrated notes

Levels and vault maps discovered:
D:1:      wheals_arrival_shading, layout_basic, serial_glass, glass_columns_b,
          glass_columns_c, glass_columns_b, glass_columns_b,
          shapermc_ecumenical_altar_acropolis
D:2:      layout_basic, basic_altar, serial_bayou_lake_a, uniq_natasha
D:3:      layout_loops_cross, mainiacjoe_overflow_alcove_4,
          lemuel_crystal_altar, serial_shops, nicolae_shop_peninsula,
          nicolae_shop_pleasant_corner_grove, nicolae_shop_rolled_up,
          chequers_hall_statues_corner_a
D:4:      layout_basic, lemuel_coloured_pillars_altar, minmay_ogre_servants,
          uniq_pikel
D:5:      layout_rooms, vehumet_crystals, lemuel_tele_altar,
          mainiacjoe_overflow_catwalk, uniq_duvessa, uniq_prince_ribbit1,
          uniq_ijyb

Skill      XL: |  1  2  3  4  5 |
---------------+----------------+-----
Stealth        | 1 2 3 |  3.1
Short Blades   | 5 6 |  6.3
Dodging        | 4 |  4.7
Fighting       | 3 |  3.3
Throwing       | |  2.1
Armour         | |  0.1

Action                     |  1- 3 |  4- 6 || total
---------------------------+-------+-------++-------
  Melee: Rapier            |   114 |   203 ||   317
         Punch             |       |     2 ||     2
  Throw: Throwing net      |       |     3 ||     3
    Use: Scroll            |       |     6 ||     6
   Stab: Sleeping          |    11 |     6 ||    17
         Distracted        |       |     1 ||     1
 Armour: Leather armour    |    31 |     3 ||    34
         Ring mail         |       |    63 ||    63
  Dodge: Dodged            |    61 |   128 ||   189

Table legend: (Time is in decaauts)
 A = Elapsed time spent in this place.
 B = Non-inter-level travel time spent in this place.
 C = Inter-level travel time spent in this place.
 D = Time resting spent in this place.
 E = Time spent auto-exploring this place.
 F = Levels seen in this place.
 G = Mean time per level.
                   A        B        C        D        E       F      G
               +--------+--------+--------+--------+--------+-----+--------+
         Total |   4864 |   4495 |    369 |    504 |   2701 |   5 |  972.8 |
       Dungeon |   4864 |   4495 |    369 |    504 |   2701 |   5 |  972.8 |
               +--------+--------+--------+--------+--------+-----+--------+

Top non-repeatable levels by time:
     D:3: 1477 daAuts
     D:2: 1282 daAuts
     D:1: 1244 daAuts
     D:4: 837 daAuts
     D:5: 22 daAuts
